 Dungeon Crawl Stone Soup version 0.30-a0-55-g90e3122c3a (webtiles) character file.

Game seed: 9928703478324610251

553 Decritt the Trooper (level 7, -8/45 HPs)
             Began as a Gargoyle Fighter on Sept 9, 2022.
             Mangled by an orc
             ... wielding a +9 glaive
              (14 damage)
             ... on level 4 of the Dungeon.
             The game lasted 00:08:55 (4997 turns).

Decritt the Trooper (Gargoyle Fighter)              Turns: 4997, Time: 00:08:56

Health: -8/45      AC: 20    Str: 22    XL:     7   Next: 29%
Magic:  7/7        EV:  6    Int:  8    God:
Gold:   187        SH:  9    Dex:  9    Spells: 6/6 levels left

rFire   . . .      SeeInvis .    h - +0 hammer
rCold   . . .      Faith    .    c - +0 buckler
rNeg    + . .      Spirit   .    n - +0 plate armour
rPois   ∞          Reflect  +    (no helmet)
rElec   +          Harm     .    q - +0 cloak {Will+}
rCorr   +          Rampage  .    m - +1 pair of gloves
Will    +....                    (no boots)
Stlth   ..........               w - amulet of reflection
HPRegen 0.15/turn                s - ring of resist corrosion
MPRegen 0.10/turn                (no ring)

@: no status effects
A: sickness immunity, AC +4, negative energy resistance 1, electricity
resistance, torment resistance 1, petrification resistance
a: no special abilities


You were on level 4 of the Dungeon.
You visited 1 branch of the dungeon, and saw 5 of its levels.

You collected 187 gold pieces.

Inventory:

Hand Weapons
 h - a +0 hammer (weapon)
Armour
 b - a +0 scale mail
 c - a +0 buckler (worn)
 m - a +1 pair of gloves (worn)
 n - a +0 plate armour (worn)
 q - a +0 cloak of willpower (worn)
Jewellery
 s - a ring of resist corrosion (left hand)
 w - an amulet of reflection (around neck)
Wands
 l - a wand of digging (8)
 v - a wand of flame (16)
Scrolls
 e - 2 scrolls of blinking
 i - 2 scrolls of fog
 p - 2 scrolls of immolation
 r - 2 scrolls of identify
 x - a scroll of magic mapping
Potions
 a - a potion of attraction {unknown}
 d - 2 potions of might
 f - a potion of mutation
 j - a potion of berserk rage
 k - a potion of ambrosia {unknown}
 o - a potion of cancellation {unknown}
 t - 2 potions of magic {unknown}
 u - a potion of flight


   Skills:
 * Level 5.8 Fighting
 * Level 4.6 Maces & Flails
 + Level 4.7 Armour
 + Level 4.6 Shields


You had 6 spell levels left.
You didn't know any spells.
Your spell library contained the following spells:

 Spells                   Type           Power      Damage    Failure   Level
 Apportation              Tloc           0%         N/A       100%        1
 Dazzling Flash           Conj/Hex       0%         N/A       100%        3
 Summon Guardian Golem    Hex/Summ       0%         N/A       100%        3
 Iskenderun's Mystic Bla  Conj/Tloc      0%         2d3       100%        4
 Alistair's Intoxication  Tmut/Pois      0%         N/A       100%        5
 Starburst                Conj/Fire      0%         6d3       100%        6
 Orb of Destruction       Conj           0%         9d5       100%        7
 Spellforged Servitor     Conj/Summ      0%         N/A       100%        7


Dungeon Overview and Level Annotations

Branches:
Dungeon (5/15)
 Temple: D:4-7

Altars:

Annotations:
D:4 Yosebu's ghost, amateur DsAK


Innate Abilities, Weirdness & Mutations

You are immune to sickness and miasma.
Your stone body is resilient. (AC +4)
You are immune to poison.
You resist negative energy. (rN+)
You are resistant to electric shocks. (rElec)
You are resistant to unholy torment.
You are immune to petrification.


Message History

The orc is moderately wounded.
The orc hits you but does no damage.
You hit the orc.
The orc is heavily wounded.
You block the orc's attack.
You hit the orc.
The orc is severely wounded.
The orc hits you but does no damage. x2
You hit the orc.
You kill the orc!
There is a stone staircase leading up here.
You see here a +0 short sword.
You start resting.
You start resting.
HP restored.
Things that are here:
a +0 flail; a +0 ring mail; an orc skeleton
There is a stone staircase leading up here.
You see here a +0 short sword.
You climb upwards.
Level annotation: Yosebu's ghost, amateur DsAK
There is a stone staircase leading down here.
The orc hits you from afar with a +9 glaive.
Things that are here:
a +2 war axe of electrocution; a +0 mace; an orc skeleton The orc hits you but does no damage.
You hit the orc but do no damage. The orc hits you with a +9 glaive.
You hit the orc but do no damage. The orc hits you with a +9 glaive!
* * * LOW HITPOINT WARNING * * *
You hit the orc but do no damage. You block the orc's attack.
The orc hits you with a +9 glaive!
* * * LOW HITPOINT WARNING * * *
You hit the orc but do no damage. The orc hits you with a +9 glaive!
* * * LOW HITPOINT WARNING * * *
The orc attacks as you move away! You block the orc's attack. x2
Things that are here:
a +2 war axe of electrocution; a +0 mace; an orc skeleton
There is a stone staircase leading down here.
The orc hits you from afar with a +9 glaive!
You die...

....#..#............####
o...##...####.......#
###.###.## #.......#
#8#.# #.# ##....###
....###.# #.o..#
...8#...# #.#o## #######
#.#o# #.# #.#)# #.#
#####.#@# #.# #.....#.#
#.# #.#####.# #.# #.#
#.# ###.# #.# #.# ....#
#.# #.# ##########.##
#.# #####.......# ##.#
......####..# #..#


You could see 3 orcs.

Vanquished Creatures
  Sigmund (D:3)
  2 jellies (D:4)
  Crazy Yiuf (D:2)
  2 iguanas
  Terence (D:3)
  Jessica (D:3)
  Ijyb (D:4)
  7 adders
  A shadow imp (D:5)
  An ufetubus (D:4)
  A worm (D:2)
  3 dart slugs
  8 orcs
  6 ball pythons
  4 bats
  6 endoplasms
  2 giant cockroaches
  5 goblins
  9 hobgoblins
  3 jackals (D:3)
  7 kobolds
  5 quokkas
  3 frilled lizards
  10 rats
90 creatures vanquished.

Notes
Turn   | Place    | Note
-------+----------+-------------------------------------------
     0 | D:1      | Decritt the Gargoyle Fighter began the quest for the Orb.
     0 | D:1      | Reached XP level 1. HP: 14/14 MP: 1/1
   261 | D:1      | Reached XP level 2. HP: 19/19 MP: 2/2
   482 | D:1      | Found a faded altar of an unknown god.
   796 | D:2      | Reached XP level 3. HP: 7/24 MP: 3/3
  1227 | D:2      | Found a runed translucent door.
  1228 | D:2      | Noticed Crazy Yiuf
  1236 | D:2      | Killed Crazy Yiuf
  1237 | D:2      | Reached skill level 4 in Fighting
  1237 | D:2      | Reached XP level 4. HP: 23/29 MP: 4/4
  1977 | D:3      | Noticed Jessica
  1986 | D:3      | Killed Jessica
  1987 | D:3      | Reached XP level 5. HP: 29/34 MP: 5/5
  2050 | D:3      | Noticed Terence
  2060 | D:3      | Killed Terence
  2163 | D:3      | Noticed Sigmund
  2188 | D:3      | Killed Sigmund
  2189 | D:3      | Reached skill level 5 in Fighting
  2189 | D:3      | Reached XP level 6. HP: 4/40 MP: 6/6
  3477 | D:4      | Noticed Ijyb
  3493 | D:4      | Killed Ijyb
  3703 | D:4      | Reached XP level 7. HP: 34/44 MP: 7/7
  3988 | D:4      | Found a runed translucent gate.
  3989 | D:4      | Found a runed translucent gate.
  3989 | D:4      | Identified the +7 chain mail of Past Mistakes {Contam Str+8
                  | Slay+3}
  3989 | D:4      | Noticed Yosebu's ghost (amateur DsAK)
  3990 | D:4      | Found a runed translucent gate.
  4472 | D:5      | Entered Level 5 of the Dungeon
  4482 | D:5      | HP: 2/45 [iguana (5)]
  4499 | D:5      | HP: 1/45 [shadow imp/nerve-wracking pain (5)]
  4997 | D:4      | Mangled by an orc

Illustrated notes

Levels and vault maps discovered:
D:1:      minmay_arrival_semitransparent, layout_rooms,
          shapermc_ecumenical_altar_venn, minmay_misc_feat_columns, minivault_26
D:2:      layout_basic, uniq_crazy_yiuf_cottage
D:3:      layout_basic, minmay_randomly_rotated_circles, uniq_sigmund,
          uniq_jessica, uniq_terence
D:4:      layout_loops_ring, biasface_ghost_orc_armoury, serial_forest,
          infiniplex_forest_end_1, infiniplex_forest_clump_double,
          infiniplex_forest_zigzag_2, infiniplex_forest_zigzag_2,
          infiniplex_forest_clump_medium, infiniplex_forest_lined_1, uniq_ijyb
D:5:      layout_basic, lemuel_doored_altar, trog_hazing_becter,
          pdpol_wu_jian_five_deadly_venoms, mainiacjoe_overflow_catwalk,
          serial_shops, nicolae_take_the_stairs, cheibrodos_gnoll_hut

Skill      XL: |  1  2  3  4  5 |
---------------+----------------+-----
Fighting       | 4 5 |  5.8
Maces & Flails | 3 4 |  4.6
Armour         | 4 |  4.7
Shields        | 4 |  4.6

Action                   |  1- 3 |  4- 6 |  7- 9 || total
-------------------------+-------+-------+-------++-------
Melee: Flail             |    99 |       |       ||    99
       Mace              |       |   183 |    76 ||   259
  Use: Scroll            |       |    13 |     1 ||    14
       Potion            |       |       |     2 ||     2
 Stab: Invisible         |     1 |       |       ||     1
Armor: Scale mail        |    75 |    78 |       ||   153
       Plate armour      |       |    11 |    51 ||    62
Dodge: Dodged            |    69 |    65 |    22 ||   156
Block: Buckler           |    37 |    81 |    56 ||   174
       Reflection        |       |     1 |       ||     1

Table legend: (Time is in decaauts)
 A = Elapsed time spent in this place.
 B = Non-inter-level travel time spent in this place.
 C = Inter-level travel time spent in this place.
 D = Time resting spent in this place.
 E = Time spent auto-exploring this place.
 F = Levels seen in this place.
 G = Mean time per level.
                   A        B        C        D        E       F      G
               +--------+--------+--------+--------+--------+-----+--------+
         Total |   5089 |   5009 |     80 |   1265 |   2870 |   5 | 1017.8 |
       Dungeon |   5089 |   5009 |     80 |   1265 |   2870 |   5 | 1017.8 |
               +--------+--------+--------+--------+--------+-----+--------+

Top non-repeatable levels by time:
     D:3: 1552 daAuts
     D:4: 1039 daAuts
     D:1: 1020 daAuts
     D:2: 965 daAuts
     D:5: 512 daAuts
